AoeStats
← Clueless Clown

African Clearing

506556854Analyzed
3v3 RM · 17d ago on Sep 14, 2026· 24m 50s· 6 players
Game mode
Random Map
Map size
Normal (6 player)
Population
200
Speed
Normal
Resources
Standard
Victory
Conquest
Starting age
Dark Age
Ending age
Imperial Age
RankedLock teamsTeams togetherTeam positionsShared explorationLock speedFull tech treeHidden civsTurbo modeCheats
Victory
Defeat
🇦🇷 Spanish · Argentina
1292
+9
🇨🇱 Mongols · Chile
1084
+17
🇺🇸 Huns · United States
956
+21
🇺🇸 Byzantines · United States
1126
-17
🇺🇸 Dravidians · United States
1086
-15
🇦🇷 Mongols · Argentina
1084
-15
JP 2
11:32 Feudal Age
12:03 Double-Bit Axe
13:00 Loom
16:53 Forging
23:36 Castle Age
22:19 Bloodlines
23:18 Horse Collar
23:30 Stone Mining
23:47 Light Cavalry
24:27 Husbandry
Nick12
12:08 Loom
14:30 Feudal Age
15:26 Double-Bit Axe
18:21 Castle Age
16:48 Horse Collar
17:06 Gold Mining
19:30 Bow Saw
19:24 Heavy Plow
Queendi
10:37 Loom
13:20 Feudal Age
14:14 Double-Bit Axe
18:25 Castle Age
16:28 Double-Bit Axe
18:04 Horse Collar
20:27 Bow Saw
25:27 Scale Barding Armor
Roy DeMeo
13:06 Feudal Age
17:10 Castle Age
19:23 Fletching
20:12 Double-Bit Axe
22:51 Bodkin Arrow
Clueless Clown
9:26 Loom
11:49 Feudal Age
12:29 Double-Bit Axe
12:18 Man-at-Arms
14:08 Scale Mail Armor
14:20 Forging
15:34 Horse Collar
15:45 Arson
24:51 Castle Age
24:00 Fishing Lines
Jersey_TitanX
7:03 Loom
12:18 Feudal Age
14:10 Double-Bit Axe
22:39 Castle Age
21:40 Fletching
23:23 Elite Skirmisher
Connection lost

Rejoining the realm…

Still unreachable

The connection could not be restored.

Session expired

The server has moved on; the page needs a fresh start.